 Dungeon Crawl Stone Soup version 0.30-a0-847-g17996783a1 (webtiles) character file.

Game seed: 14724384634529470445

375 octoduck the Firebug (level 6, -12/32 HPs)
             Began as a Gargoyle Fire Elementalist on Mar 3, 2023.
             Mangled by a wyvern (13 damage)
             ... on level 4 of the Dungeon.
             The game lasted 00:11:53 (4819 turns).

octoduck the Firebug (Gargoyle Fire Elementalist)   Turns: 4819, Time: 00:11:53

Health: -12/32     AC:  7    Str: 12    XL:     6   Next: 73%
Magic:  1/9        EV: 12    Int: 17    God:
Gold:   92         SH:  0    Dex: 21    Spells: 3/9 levels left

rFire   . . .      SeeInvis .    q - +0 trident of Conscience {drain, Dex+5}
rCold   + . .      Faith    .    (no shield)
rNeg    + . .      Spirit   .    a - +0 robe
rPois   ∞          Reflect  .    (no helmet)
rElec   +          Rampage  .    n - +0 cloak
rCorr   .                        (no gloves)
Will    .....                    (no boots)
Stlth   ++                       (no amulet)
HPRegen 0.25/turn                i - +6 ring of dexterity
MPRegen 0.11/turn                o - ring of protection from cold

@: hasted, very quick
A: sickness immunity, AC +4, negative energy resistance 1, electricity
resistance, torment resistance 1, petrification resistance
a: no special abilities


You were on level 4 of the Dungeon.
You visited 1 branch of the dungeon, and saw 4 of its levels.
You also visited: Sewer.

You collected 92 gold pieces.

Inventory:

Hand Weapons
 c - a +0 dagger
 d - a +0 short sword
 m - a +0 falchion
 q - the +0 trident of Conscience (weapon) {drain, Dex+5}
   (You took it off a goblin on level 3 of the Dungeon)

   Dex:       It affects your dexterity (+5).
 s - a +2 short sword of venom
Missiles
 e - 2 javelins
 h - 21 poisoned darts
 k - 2 silver boomerangs
 r - 2 throwing nets
Armour
 a - a +0 robe (worn)
 n - a +0 cloak (worn)
Jewellery
 i - a +6 ring of dexterity (left hand)
 o - a ring of protection from cold (right hand)
Scrolls
 j - 3 scrolls of teleportation
 u - a scroll of fog {unknown}
 v - a scroll of blinking {unknown}
Potions
 b - a potion of magic
 f - a potion of attraction
 g - a potion of haste
 l - 5 potions of curing
 p - a potion of cancellation {unknown}
 t - 2 potions of heal wounds {unknown}


   Skills:
 - Level 1.5 Dodging
 - Level 2.1 Stealth
 - Level 2.0 Spellcasting
 - Level 2.9 Conjurations
 + Level 3.3 Translocations
 + Level 5.5 Fire Magic


You had 3 spell levels left.
You knew the following spells:

 Your Spells              Type           Power      Damage    Failure   Level
a - Foxfire               Conj/Fire      64%        2x1d7     3%          1
b - Scorch                Fire           40%        2d7       3%          2
c - Kindle Blastsparks    Fire/Tloc/Air  22%        2d11      17%         3

Your spell library contained the following spells:

 Spells                   Type           Power      Damage    Failure   Level
 Inner Flame              Hex/Fire       11%        N/A       19%         3
 Flame Wave               Conj/Fire      16%        2d7       32%         4
 Malign Gateway           Summ/Tloc      3%         N/A       100%        7
 Summon Horrible Things   Summ           0%         N/A       100%        8


Dungeon Overview and Level Annotations

Branches:
Dungeon (4/15)              Sewer (visited)
 Temple: D:4-7

Altars:
Ashenzari
Dithmenos
Ru
Xom

Shops:
D:1 :   D:2 *

Annotations:
D:3 exclusion: orc, Terence


Innate Abilities, Weirdness & Mutations

You are immune to sickness and miasma.
Your stone body is resilient. (AC +4)
You are immune to poison.
You resist negative energy. (rN+)
You are resistant to electric shocks. (rElec)
You are resistant to unholy torment.
You are immune to petrification.


Message History

Flames lash the wyvern.
The wyvern is heavily wounded.
The wyvern's fire resistance burns away.
The wyvern bites you!
Casting: Scorch (safe; 3% risk of failure)
Confirm with . or Enter, or press ? or * to list all spells.
You conjure some foxfire!
The wyvern closely misses you.
The foxfire hits the wyvern but does no damage.
The wyvern is heavily wounded.
The foxfire hits the wyvern.
The wyvern is burned terribly!
The wyvern is heavily wounded.
The wyvern misses you. The wyvern attacks as you move away!
The wyvern completely misses you.
Casting: Foxfire (safe; 3% risk of failure)
Confirm with . or Enter, or press ? or * to list all spells.
You conjure some foxfire!
The wyvern bites you!
* * * LOW HITPOINT WARNING * * *
The wyvern is no longer more vulnerable to fire.
The foxfire hits the wyvern.
The wyvern is severely wounded.
The foxfire hits the wyvern.
The wyvern is almost dead.
The wyvern barely misses you.
Casting: Foxfire (safe; 3% risk of failure)
Confirm with . or Enter, or press ? or * to list all spells.
You conjure some foxfire!
The wyvern closely misses you.
The foxfire hits the wyvern but does no damage.
The wyvern is almost dead.
The foxfire hits the wyvern but does no damage.
The wyvern is almost dead.
The wyvern bites you!
* * * LOW HITPOINT WARNING * * *
Casting: Foxfire (safe; 3% risk of failure)
Confirm with . or Enter, or press ? or * to list all spells.
Flames lash the wyvern.
The wyvern is almost dead.
The wyvern's fire resistance burns away.
The wyvern barely misses you. The wyvern bites you!
You die...

,~,~*,**,..........#*#
,,**,,,,,...)...w.####
,,,,,,,,,............##
,,,,,,,,.,##?.........####**
,,,,,,,,..###.............,***
,,**,,**............#####*,,,**
,.#,...*#........##.# ***,,##
#.###..##...##..l...#########..#
...#........(.#.@.##....[......#
...##.....#......§.#.#######...#
....#....###...#...#.#~~~~~#..#*
..........#....#.....'~~.~~#.#*
..............##.....#~~~~~#.#
...##........##....#.#######.#
.......###[......#...........#
.....[##*#.......##........###
....### #........###########


You could see a wyvern (combustible) and a worm.

Vanquished Creatures
  2 kobold brigands (Sewer)
  Jessica (D:3)
  An orc wizard (D:3)
  4 gnolls (D:3)
  6 adders
  2 river rats (Sewer)
  A worm (Sewer)
  3 orcs (D:4)
  3 endoplasms
  4 giant cockroaches
  8 goblins
  3 hobgoblins
  7 jackals
  3 quokkas
  6 ball pythons
  4 bats
  6 frilled lizards
  12 kobolds
  5 rats
81 creatures vanquished.

Vanquished Creatures (others)
  175 foxfires
175 creatures vanquished.

Grand Total: 256 creatures vanquished

Notes
Turn   | Place    | Note
-------+----------+-------------------------------------------
     0 | D:1      | octoduck the Gargoyle Fire Elementalist began the quest for
                  | the Orb.
     0 | D:1      | Reached XP level 1. HP: 10/10 MP: 3/3
   175 | D:1      | Reached XP level 2. HP: 15/15 MP: 3/5
   178 | D:1      | Learned a level 2 spell: Scorch
   893 | D:1      | Found Ruevajeg's Book Emporium.
  1521 | D:2      | Found Peedan's Assorted Antiques.
  1834 | D:2      | Reached XP level 3. HP: 12/19 MP: 0/6
  1997 | D:2      | Found a shimmering altar of Xom.
  2727 | D:2      | Learned a level 3 spell: Kindle Blastsparks
  2739 | D:3      | Noticed Jessica
  2752 | D:3      | Killed Jessica
  2753 | D:3      | Reached skill level 4 in Fire Magic
  2753 | D:3      | Reached XP level 4. HP: 24/24 MP: 0/7
  2936 | D:3      | Identified the +0 trident of Conscience {drain, Dex+5}
  2942 | D:3      | Reached skill level 1 in Translocations
  3236 | D:3      | Found a shadowy altar of Dithmenos.
  3245 | D:3      | Found a broken altar of Ashenzari.
  3382 | D:3      | Found a sacrificial altar of Ru.
  3396 | D:3      | Reached XP level 5. HP: 28/28 MP: 3/8
  3486 | D:3      | Noticed Terence
  3922 | D:4      | Found a glowing drain.
  3936 | Sewer    | Entered a sewer
  4078 | Sewer    | Noticed a kobold brigand
  4329 | Sewer    | Reached skill level 5 in Fire Magic
  4329 | Sewer    | Reached XP level 6. HP: 32/32 MP: 6/9
  4794 | D:4      | Noticed a wyvern
  4817 | D:4      | HP: 1/32 [wyvern (9)]
  4819 | D:4      | Mangled by a wyvern

Illustrated notes

Levels and vault maps discovered:
D:1:      giann_forest_graveyard, layout_loops_ring, serial_shops,
          nicolae_lakefront_shop
D:2:      layout_loops_corners, serial_shops, nicolae_shop_behind_doors,
          basic_altar
D:3:      kennysheep_big_flooded_room, layout_rooms,
          nicolae_ru_great_annihilating_truth, mainiacjoe_overflow_swirl,
          uniq_terence, uniq_jessica
D:4:      layout_cave_pools, serial_shops, shop, gup_sewer_entry_glass,
          serial_bayou_ford_a

Skill      XL: |  1  2  3  4  5  6 |
---------------+-------------------+-----
Conjurations   | 2 |  2.9
Fire Magic     | 4 5 |  5.5
Translocations | 1 2 3 |  3.3
Dodging        | |  1.5
Stealth        | |  2.1
Spellcasting   | |  2.0

Action                     |  1- 3 |  4- 6 || total
---------------------------+-------+-------++-------
  Melee: Unarmed           |    17 |       ||    17
         Dagger            |    19 |       ||    19
         Trident           |       |    18 ||    18
   Cast: Foxfire           |    45 |    58 ||   103
         Scorch            |    11 |    13 ||    24
    Use: Scroll            |     7 |     4 ||    11
         Potion            |       |     1 ||     1
 Armour: Robe              |     9 |    15 ||    24
  Dodge: Dodged            |    56 |    32 ||    88

Table legend: (Time is in decaauts)
 A = Elapsed time spent in this place.
 B = Non-inter-level travel time spent in this place.
 C = Inter-level travel time spent in this place.
 D = Time resting spent in this place.
 E = Time spent auto-exploring this place.
 F = Levels seen in this place.
 G = Mean time per level.
                   A        B        C        D        E       F      G
               +--------+--------+--------+--------+--------+-----+--------+
         Total |   4909 |   4488 |    421 |   1367 |   2083 |   5 |  981.8 |
       Dungeon |   3982 |   3561 |    421 |    920 |   1881 |   4 |  995.5 |
         Sewer |    927 |    927 |      0 |    447 |    202 |   1 |  927.0 |
               +--------+--------+--------+--------+--------+-----+--------+

Top non-repeatable levels by time:
     D:2: 1539 daAuts
     D:1: 1268 daAuts
     D:3: 1059 daAuts
   Sewer: 927 daAuts
     D:4: 114 daAuts
